 Dungeon Sprint DCSS version 0.17.0-23-g0de4337 (webtiles) character file.

333 George the Fighter (level 6, -1/63 HPs)
             Began as a Minotaur Fighter on Nov 13, 2015.
             Was an Elder of Makhleb.
             Slain by a merfolk
             ... wielding a +0 trident
              (2 damage)
             ... in the Dungeon (Sprint V: "Ziggurat Sprint").
             The game lasted 00:03:15 (297 turns).

George the Fighter (Minotaur Fighter)                Turns: 297, Time: 00:03:15

Health: -1/63      AC: 21    Str: 34    XL:     6   Next: 27%
Magic:  10/10      EV:  6    Int:  5    God:    Makhleb [****..]
Gold:   0          SH:  0    Dex: 10    Spells: 0 memorised, 5 levels left

rFire  + . .     SeeInvis .     M - +14 plutonium sword {*Contam Stlth-}
rCold  + . .     Clarity  .     N - +5 gold dragon armour
rNeg   . . .     SustAt   .     (shield currently unavailable)
rPois  +         Gourm    .     (helmet restricted)
rElec  .         Spirit   .     (no cloak)
rCorr  .         Warding  .     (no gloves)
rMut   .         NoTele   +     (no boots)
MR     .....                    (no amulet)
Stlth  ..........               J - +6 ring of strength
                                I - +6 ring of strength

@: not resistant to hostile enchantments, extremely unstealthy
A: retaliatory headbutt, horns 2
a: Minor Destruction, Lesser Servant of Makhleb, Major Destruction, Renounce
Religion


You were in the Dungeon.
You worshipped Makhleb.
Makhleb was greatly pleased with you.
You were not hungry.

You visited 1 branch

Inventory:

Hand Weapons
 M - the +14 plutonium sword (weapon) {*Contam Stlth-}
   (You found it in the Dungeon)

   It causes magical contamination when unequipped.
   It makes you less stealthy.
Armour
 N - a +5 gold dragon armour (worn)
Jewellery
 E - a +6 ring of dexterity
 F - a +6 ring of dexterity
 I - a +6 ring of strength (left hand)
 J - a +6 ring of strength (right hand)
 K - an uncursed ring of flight
Wands
 A - a wand of disintegration (7)
 B - a wand of fire (5)
 C - a wand of cold (5)
 D - a wand of draining (5)
Scrolls
 k - 4 scrolls of blinking
 q - 4 scrolls of amnesia
 r - 3 scrolls of recharging
 s - 7 scrolls of fog
 t - a scroll of holy word
 u - 5 scrolls of identify
 v - 5 scrolls of remove curse
 w - 2 scrolls of fear
Potions
 d - 6 potions of might
 f - 10 potions of curing
 g - 10 potions of heal wounds
 h - 6 potions of haste
 i - 7 potions of magic
 j - 3 potions of berserk rage
 l - 2 potions of brilliance
 m - 2 potions of invisibility
 n - 4 potions of resistance
 p - 5 potions of agility
Miscellaneous
 L - a disc of storms
 O - a plain deck of destruction
 P - an ornate deck of defence
 Q - a plain deck of summoning
Comestibles
 e - 5 bread rations
 x - 42 fruits
 z - 4 meat rations


   Skills:
 + Level 9.2 Fighting
 + Level 8.6 Long Blades
 + Level 9.1 Armour
   Level 3.6 Shields
 + Level 7.0 Invocations


You had 5 spell levels left.
You didn't know any spells.

Dungeon Overview and Level Annotations

Branches:
Dungeon (1/1)

Altars:
Ashenzari
Cheibriados
Dithmenos
Elyvilon
Fedhas
Gozag
Kikubaaqudgha
Makhleb
Nemelex Xobeh
Okawaru
Qazlal
Ru
Sif Muna
Trog
Vehumet
Xom
Yredelemnul
Zin
The Shining One
Beogh
Jiyva
Lugonu


Innate Abilities, Weirdness & Mutations

You reflexively headbutt those who attack you in melee.
You have a pair of horns on your head.


Message History

The merfolk hits you but does no damage. x3
You slice the merfolk!!
Mutagenic energy flows through the plutonium sword!
The merfolk's body twists unnaturally.
You headbutt the merfolk.
The merfolk is heavily wounded.
The merfolk barely misses you.
The merfolk hits you from afar with a trident!
The merfolk hits you with a trident! The merfolk hits you with a trident.
The merfolk hits you with a trident!
* * * LOW HITPOINT WARNING * * *
The merfolk hits you with a +4 vampiric hand axe.
* * * LOW HITPOINT WARNING * * *
The merfolk hits you but does no damage.
The merfolk hits you with a trident.
* * * LOW HITPOINT WARNING * * *
A demon appears!
You feel slightly more hungry. The merfolk hits you with a trident!
* * * LOW HITPOINT WARNING * * *
The merfolk hits you with a trident.
You die...

▓..)..▓.....▓.....▓
▓.....▓.....▓.....▓
▓.....▓.....▓▓▓▓▓▓▓
▓▓▓▓▓▓▓▓▓▓▓▓▓▓▓▓▓▓▓
▓..8©8...▓..8©8...▓
▓..[.....▓..)):...▓
▓........▓..m.}...▓
▓........▓..mmm...▓
▓..)))...▓..m@....▓
▓.▓....▓.▓.▓3(..▓.▓
▓........▓...(....▓
▓▓▓▓▓▓▓▓▓▓▓▓▓▓▓▓▓▓▓


You could see 5 merfolk and a friendly ynoxinul.

Vanquished Creatures
  A phantom (D)
  A necrophage (D)
  2 orc priests (D)
  A crimson imp (D)
  An orc wizard (D)
  A shadow imp (D)
  A white imp (D)
  An ufetubus (D)
  An orc (D)
  A bat zombie (D)
  A jackal zombie (D)
  A quokka zombie (D)
13 creatures vanquished.

Vanquished Creatures (others)
  A spatial maelstrom (D)
1 creature vanquished.

Grand Total: 14 creatures vanquished

Notes
Turn   | Place    | Note
--------------------------------------------------------------
     0 | D        | George the Minotaur Fighter began the quest for the Orb.
     0 | D        | Reached XP level 1. HP: 19/19 MP: 0/0
     0 | D        | Found a roughly hewn altar of Beogh.
     0 | D        | Found a corrupted altar of Lugonu.
     0 | D        | Found a viscous altar of Jiyva.
     0 | D        | Found a white marble altar of Elyvilon.
     0 | D        | Found a sparkling altar of Nemelex Xobeh.
     0 | D        | Found a burning altar of Makhleb.
     0 | D        | Found an iron altar of Okawaru.
     0 | D        | Found a deep blue altar of Sif Muna.
     0 | D        | Found a radiant altar of Vehumet.
     0 | D        | Found a bloodstained altar of Trog.
     0 | D        | Found a shimmering altar of Xom.
    13 | D        | Banished a spatial maelstrom
    70 | D        | Became a worshipper of Makhleb the Destroyer
    71 | D        | Reached skill level 5 in Fighting
    71 | D        | Reached skill level 5 in Armour
    71 | D        | Reached XP level 2. HP: 23/30 MP: 0/3
   140 | D        | Entered arena 1.
   142 | D        | Reached skill level 5 in Long Blades
   152 | D        | Entered arena 2.
   152 | D        | Noticed a necrophage
   152 | D        | Noticed a phantom
   156 | D        | Killed a necrophage
   156 | D        | Reached * piety under Makhleb
   156 | D        | Reached skill level 7 in Fighting
   156 | D        | Reached skill level 5 in Invocations
   156 | D        | Reached XP level 3. HP: 32/39 MP: 3/5
   156 | D        | Reached XP level 4. HP: 38/47 MP: 3/6
   158 | D        | Killed a phantom
   158 | D        | Reached skill level 8 in Fighting
   158 | D        | Reached XP level 5. HP: 38/53 MP: 3/8
   244 | D        | Entered arena 3.
   244 | D        | Noticed a crimson imp
   246 | D        | Reached ** piety under Makhleb
   249 | D        | Killed a crimson imp
   250 | D        | Reached *** piety under Makhleb
   261 | D        | Entered arena 4.
   261 | D        | Noticed an orc priest
   261 | D        | Noticed an orc wizard
   261 | D        | Noticed an orc priest
   264 | D        | Killed an orc priest
   264 | D        | Reached XP level 6. HP: 52/62 MP: 9/9
   266 | D        | Killed an orc priest
   266 | D        | Reached skill level 9 in Fighting
   269 | D        | Killed an orc wizard
   269 | D        | Reached **** piety under Makhleb
   292 | D        | Entered arena 5.
   292 | D        | Noticed a merfolk
   292 | D        | Noticed a merfolk
   292 | D        | Noticed a merfolk
   292 | D        | Noticed a merfolk
   292 | D        | Noticed a merfolk
   297 | D        | HP: 1/63 [merfolk/trident (7)]
   297 | D        | Slain by a merfolk

Action                   |  1- 3 |  4- 6 || total
-------------------------+-------+-------++-------
Melee: Triple sword      |     4 |    16 ||    20
Invok: Lesser Servant of |       |     1 ||     1
  Use: Potion            |     1 |       ||     1
